 Dungeon Crawl Stone Soup version 0.29-a0-1047-g7c58e119a4 (webtiles) character file.

Game seed: 1308147193273301764

800 spaghetti the Grave Robber (level 8, -3/63 (67) HPs)
             Began as a Meteoran Necromancer on Aug 17, 2022.
             Slain by a gnoll
             ... wielding a +0 halberd
             ... led by a gnoll bouda
              (9 damage)
             ... on level 6 of the Dungeon.
             The game lasted 00:05:15 (2150 turns).

spaghetti the Grave Robber (Meteoran Necromancer)   Turns: 2150, Time: 00:05:16

HP:   -3/63 (67)    AC:  4    Str: 10    XL:     8   Next: 36%
MP:   11/17         EV: 12    Int: 19    God:
Gold: 41            SH:  0    Dex: 14    Spells: 13/18 levels left

rFire   . . .      SeeInvis +   z - +0 quarterstaff {staff}
rCold   . . .      Faith    .   (shield currently unavailable)
rNeg    . . .      Spirit   .   a - +0 robe
rPois   +          Reflect  .   F - +0 helmet
rElec   .          Harm     .   l - +0 cloak
rCorr   .          Rampage  .   (no gloves)
Will    ++...                   (no boots)
Stlth   +.........              (no amulet)
HPRegen 0.20/turn               o - ring of the Grey Skies {rPois SInv}
MPRegen 0.15/turn               B - ring of willpower

@: weakened, glowing, drained
A: sense surroundings 1, otherworldly, glowing, explore regen
a: no special abilities


You were on level 6 of the Dungeon.
You visited 1 branch of the dungeon, and saw 6 of its levels.

You collected 173 gold pieces.
You spent 132 gold pieces at shops.


Innate Abilities, Weirdness & Mutations

You passively map a small area around you.
You are easily found by Zot.
You glow in the dark.
You regain HP and MP as you explore.


   Skills:
 + Level 4.4 Fighting
 + Level 4.7 Armour
 - Level 2.4 Dodging
 - Level 1.4 Stealth
 + Level 5.7 Spellcasting
 + Level 6.4 Necromancy


You had 13 spell levels left.
You knew the following spells:

 Your Spells              Type           Power      Damage    Failure   Level
a - Necrotise             Necr           100%       1d9       1%          1
b - Animate Dead          Necr           29%        N/A       9%          4

Your spell library contained the following spells:

 Spells                   Type           Power      Damage    Failure   Level
 Vampiric Draining        Necr           29%        2d8       2%          3
 Beastly Appendage        Tmut           10%        N/A       12%         1
 Slow                     Hex            20%        N/A       12%         1
 Wereblood                Tmut           5%         N/A       17%         2
 Agony                    Necr           29%        N/A       22%         5
 Confusing Touch          Hex            5%         N/A       34%         3
 Spider Form              Tmut/Pois      5%         N/A       34%         3

Inventory:

Hand Weapons
 b - a +0 flail {mace}
   (You took it off a gnoll on level 2 of the Dungeon)
 c - a +0 club {mace}
   (You took it off a goblin on level 3 of the Dungeon)
 d - a +0 whip {mace}
   (You found it on level 1 of the Dungeon)
 f - a +0 dagger {short}
   (You took it off a kobold on level 1 of the Dungeon)
 g - a +0 short sword {short}
   (You found it on level 2 of the Dungeon)
 h - a +0 club {mace}
   (You took it off a kobold on level 2 of the Dungeon)
 i - a +0 whip of freezing {mace}
   (You took it off a kobold on level 2 of the Dungeon)
 k - a +0 spear {polearm}
   (You found it on level 2 of the Dungeon)
 m - a +0 dagger {short}
   (You found it on level 2 of the Dungeon)
 q - a +0 club {mace}
   (You took it off a gnoll on level 2 of the Dungeon)
 r - a +0 halberd {polearm}
   (You took it off a gnoll on level 2 of the Dungeon)
 s - a +0 club {mace}
   (You found it on level 2 of the Dungeon)
 t - a +0 whip {mace}
   (You took it off a gnoll on level 2 of the Dungeon)
 y - a +0 club {mace}
   (You took it off an orc on level 3 of the Dungeon)
 z - a +0 quarterstaff (weapon) {staff}
   (You found it on level 3 of the Dungeon)
 A - a +0 club {mace}
   (You took it off a kobold on level 3 of the Dungeon)
 C - a +0 short sword {short}
   (You found it on level 3 of the Dungeon)
 E - a +0 club {mace}
   (You found it on level 3 of the Dungeon)
 G - a +0 short sword {short}
   (You took it off a kobold on level 3 of the Dungeon)
 I - a +0 whip {mace}
   (You took it off a kobold on level 3 of the Dungeon)
 J - a +0 club {mace}
   (You took it off a kobold on level 3 of the Dungeon)
 K - a +0 dagger {short}
   (You found it on level 4 of the Dungeon)
 L - a +0 club {mace}
   (You found it on level 4 of the Dungeon)
 M - a +0 dagger {short}
   (You took it off an orc wizard on level 5 of the Dungeon)
 N - a +0 war axe {axe}
   (You took it off an orc on level 5 of the Dungeon)
 O - a +0 war axe {axe}
   (You took it off an orc on level 5 of the Dungeon)
 P - a +0 hand axe {axe}
   (You took it off an orc on level 5 of the Dungeon)
 Q - a +0 dagger {short}
   (You took it off an orc wizard on level 5 of the Dungeon)
 S - a +0 short sword {short}
   (You took it off an orc on level 5 of the Dungeon)
 U - a +0 falchion {long}
   (You found it on level 5 of the Dungeon)
 W - a +0 spear {polearm}
   (You found it on level 5 of the Dungeon)
 Y - a +0 dagger of flaming {short}
   (You took it off an orc wizard on level 6 of the Dungeon)
Missiles
 j - 4 javelins {throwing}
 p - 26 stones {throwing}
Armour
 a - a +0 robe (worn)
 l - a +0 cloak (worn)
   (You found it on level 2 of the Dungeon)
 F - a +0 helmet (worn)
   (You found it on level 3 of the Dungeon)
Jewellery
 o - the ring of the Grey Skies (left hand) {rPois SInv}
   (You found it on level 2 of the Dungeon)

   [ring of see invisible]

   rPois:     It protects you from poison.
   SInv:      It lets you see invisible.
 B - a ring of willpower (right hand)
   (You found it on level 3 of the Dungeon)
Wands
 H - a wand of acid (1)
   (You found it on level 3 of the Dungeon)
 T - a wand of paralysis (9)
   (You found it on level 5 of the Dungeon)
Scrolls
 n - 3 scrolls of noise {!r}
 u - 2 scrolls of magic mapping {!r}
 w - 2 scrolls of teleportation {@r4}
 D - a scroll of torment {!r}
 X - a scroll of enchant armour
 Z - a scroll of blinking {!r}
Potions
 e - a potion of attraction {!q}
 v - 3 potions of heal wounds {@q2}
 x - a potion of resistance
 R - a potion of berserk rage {!q}

Dungeon Overview and Level Annotations

Branches:
Dungeon (6/15) Zot: 1446
 Temple: D:4-7

Altars:

Shops:
D:3 (   D:5 ?*!

Annotations:
D:5 3 runed translucent doors, wingedge's ghost, novice HuWn

,#..# #....#..)......... ,
, #.. #..#..#).[.......#
*#..*#.................
#..##..##...........#. *
.##................†..# ,
............<...........
**##.#.....###............
* #....#..####...........
, ..#...<@................
* * #
#..gg......[.......... ,
#..gg..=....#.........
#$..n.##...........
.......#*#######..#
#.......# #.#...#.# * *
#.#......,, , *


You could see a necrophage, a gnoll bouda and 3 gnolls.


Message History

😕 MP[+1]
As you read the scroll of identify {@r1}, it crumbles to dust.
Z - a scroll of blinking 😕 HP[+1] 😕 HP[+3] MP[+1]
You regained 3 hp, and now have 58/67 hp.
A gnoll bouda comes into view. It is wielding a +0 club.
The gnoll bouda shouts!
You hear a shout! x3
A gnoll comes into view. It is wielding a +2 flail of draining.
The gnoll bouda barks out a call to the hunt!
The gnoll picks up the pace! 😕 HP[+2]
You regained 2 hp, and now have 60/67 hp.
A gnoll comes into view.
It is wielding a +1 halberd of protection.
The gnoll shouts!
Your orc wizard skeleton crumbles into dust! 😕 MP[+2]
You regained 2 mp, and now have 15/17 mp.
A gnoll comes into view. It is wielding a +0 halberd.
The gnoll shouts!
The gnoll bouda gazes fiercely through you!
You feel your attacks grow feeble. 😕 HP[+2] MP[+2]
You regained 2 hp, and now have 62/67 hp.
Your mp is fully restored (17).
Casting: Necrotise (safe; 1% risk of failure)
Confirm with . or Enter, or press ? or * to list all spells.
Aiming: Necrotise (safe; 1% risk of failure)
Press: ? - help, Shift-Dir - straight line, f - gnoll
Aim: a gnoll, wielding a +2 flail of draining (covering ground quickly, chance to affect: 88%)
The gnoll writhes in agony.
A necrophage comes into view.
The gnoll bouda calls upon its god to heal the gnoll.
The gnoll's wounds heal themselves!
A gnoll comes into view. It is wielding a +0 flail.
The gnoll barely misses you. 😕 MP[-1]
You lost 1 mp, and now have 16/17 mp.
Casting: Necrotise (safe; 1% risk of failure)
Confirm with . or Enter, or press ? or * to list all spells.
Aiming: Necrotise (safe; 1% risk of failure)
Press: ? - help, Shift-Dir - straight line, f/p - gnoll
Aim: a gnoll, wielding a +2 flail of draining (covering ground quickly, chance to affect: 88%)
The gnoll writhes in agony!
The gnoll closely misses you.
The gnoll hits you with a +2 flail of draining!
You feel drained. 😕 HP[-9] MP[-1]
You now have 65 max hp (-2).
You take 9 damage, and now have 53/65 hp.
You lost 1 mp, and now have 15/17 mp.
Casting: Necrotise (safe; 1% risk of failure)
Confirm with . or Enter, or press ? or * to list all spells.
Aiming: Necrotise (safe; 1% risk of failure)
Press: ? - help, Shift-Dir - straight line, f/p - gnoll
Aim: a gnoll, wielding a +2 flail of draining (heavily wounded, covering ground quickly, chance to affect: 88%)
The gnoll writhes in agony.
The gnoll barely misses you.
The gnoll hits you with a +2 flail of draining!
You feel drained. 😮 HP[-10] MP[-1]
You now have 63 max hp (-2).
You take 10 damage, and now have 43/63 hp.
You lost 1 mp, and now have 14/17 mp.
Casting: Necrotise (safe; 1% risk of failure)
Confirm with . or Enter, or press ? or * to list all spells.
Aiming: Necrotise (safe; 1% risk of failure)
Press: ? - help, Shift-Dir - straight line, f/p - gnoll
Aim: a gnoll, wielding a +2 flail of draining (severely wounded, covering ground quickly, chance to affect: 88%)
The gnoll writhes in agony.
You kill the gnoll!
The gnoll hits you from afar with a +1 halberd of protection.
The gnoll hits you from afar with a +0 halberd!
* * * LOW HITPOINT WARNING * * *
😨 HP[-14] MP[-1]
You take 14 damage, and now have 29/63 hp.
MASSIVE DAMAGE!! (PAUSE)
You lost 1 mp, and now have 13/17 mp.
Casting: Necrotise (safe; 1% risk of failure)
Confirm with . or Enter, or press ? or * to list all spells.
Aiming: Necrotise (safe; 1% risk of failure)
Press: ? - help, Shift-Dir - straight line, f - gnoll bouda
Aim: a gnoll bouda, wielding a +0 club and wearing a +0 robe (chance to affect: 83%)
The gnoll bouda writhes in agony.
The gnoll bouda barely misses you. The gnoll closely misses you.
The gnoll hits you from afar with a +0 halberd!
* * * LOW HITPOINT WARNING * * *
😨 HP[-12] MP[-1]
You take 12 damage, and now have 17/63 hp.
You lost 1 mp, and now have 12/17 mp.
Casting: Necrotise (safe; 1% risk of failure)
Confirm with . or Enter, or press ? or * to list all spells.
Aiming: Necrotise (safe; 1% risk of failure)
Press: ? - help, Shift-Dir - straight line, f/p - gnoll bouda
Aim: a gnoll bouda, wielding a +0 club and wearing a +0 robe (moderately wounded, chance to affect: 83%)
The gnoll bouda writhes in agony.
The gnoll bouda hits you with a +0 club.
* * * LOW HITPOINT WARNING * * *
The gnoll hits you from afar with a +1 halberd of protection!
* * * LOW HITPOINT WARNING * * *
The gnoll hits you from afar with a +0 halberd!
You die...

Skill      XL: |  1  2  3  4  5  6  7 |
---------------+----------------------+-----
Spellcasting   | 3 4 5 |  5.7
Fighting       | 1 2 3 4 |  4.4
Armour         | 1 2 3 4 |  4.7
Necromancy     | 5 6 |  6.4
Dodging        | |  2.4
Stealth        | |  1.4

Action                   |  1- 3 |  4- 6 |  7- 9 || total
-------------------------+-------+-------+-------++-------
Melee: Quarterstaff      |       |       |    19 ||    19
 Cast: Necrotise         |    37 |    92 |    37 ||   166
Evoke: Wand              |       |       |     4 ||     4
  Use: Potion            |       |     1 |       ||     1
       Scroll            |       |     8 |     1 ||     9
Armor: Robe              |     6 |    12 |    19 ||    37
Dodge: Dodged            |     9 |    23 |    24 ||    56

Levels and vault maps discovered:
D:1:      wheals_arrival_linesprint, layout_loops_ring
D:2:      layout_rooms
D:3:      layout_loops_ring, serial_shops, nicolae_shop_bloodbath_and_beyond
D:4:      layout_cave_pools, minmay_temple_entry_slanted
D:5:      kennysheep_big_flooded_room, layout_loops_ring, serial_shops,
          nicolae_shop_behind_doors, nicolae_shop_behind_doors,
          nicolae_stop_n_shop_1, gammafunk_ghost_necromancy
D:6:      layout_rooms

Notes
Turn   | Place    | Note
-------+----------+-------------------------------------------
     0 | D:1      | spaghetti the Meteoran Necromancer began the quest for the
                  | Orb.
     0 | D:1      | Reached XP level 1. HP: 14/14 MP: 5/5
     0 | D:1      | magus.rc [v1.9.6]
   201 | D:1      | Reached XP level 2. HP: 22/22 MP: 3/6
   218 | D:2      | Reached skill level 3 in Spellcasting
   221 | D:2      | Reached skill level 1 in Fighting
   221 | D:2      | Reached skill level 1 in Armour
   221 | D:2      | Reached XP level 3. HP: 25/28 MP: 2/8
   305 | D:2      | Reached XP level 4. HP: 13/35 MP: 1/10
   316 | D:2      | Identified the ring of the Grey Skies {rPois SInv}
   449 | D:2      | HP: 6/36 [gnoll/+0 flail (5)]
   451 | D:2      | Reached skill level 2 in Fighting
   451 | D:2      | Reached skill level 2 in Armour
   452 | D:2      | Reached XP level 5. HP: 7/41 MP: 7/11
   729 | D:3      | Noticed an ogre
   735 | D:3      | HP: 6/41 [ogre/+0 giant club (35)]
   736 | D:3      | Killed an ogre
   737 | D:3      | Reached skill level 4 in Spellcasting
   737 | D:3      | Reached skill level 5 in Necromancy
   737 | D:3      | Reached XP level 6. HP: 8/50 MP: 5/13
   890 | D:3      | Found Vahoalux's Weapon Emporium.
   940 | D:3      | Learned a level 4 spell: Animate Dead
  1365 | D:4      | Reached skill level 3 in Armour
  1432 | D:4      | Noticed an ogre
  1441 | D:5      | Entered Level 5 of the Dungeon
  1448 | D:5      | Reached skill level 3 in Fighting
  1471 | D:5      | Found Poibaf's Distillery.
  1502 | D:5      | Bought a potion of berserk rage for 50 gold pieces
  1508 | D:5      | Found Sitoof's Assorted Antiques.
  1558 | D:5      | Found a runed translucent gate.
  1558 | D:5      | Found a runed translucent gate.
  1559 | D:5      | Found a runed translucent gate.
  1564 | D:5      | Noticed wingedge's ghost (novice HuWn)
  1693 | D:5      | Reached XP level 7. HP: 55/57 MP: 7/15
  1768 | D:5      | You pick up a book of Debilitation and begin reading...
  1768 | D:5      | You add the spells Slow and Confusing Touch to your
                  | library.
  1898 | D:5      | Found Koebbeut's Magic Scroll Shop.
  1901 | D:5      | Bought a scroll of enchant armour for 82 gold pieces
  1931 | D:5      | Reached skill level 5 in Spellcasting
  2051 | D:5      | Noticed a shadow
  2056 | D:5      | Reached skill level 4 in Armour
  2062 | D:5      | Killed a shadow
  2063 | D:5      | Reached skill level 4 in Fighting
  2063 | D:5      | Reached skill level 6 in Necromancy
  2063 | D:5      | Reached XP level 8. HP: 65/66 MP: 13/17
  2127 | D:6      | You pick up a book of Changes and begin reading...
  2127 | D:6      | You add the spells Beastly Appendage, Wereblood and Spider
                  | Form to your library.
  2150 | D:6      | HP: 13/63 [gnoll bouda/+0 club (4)]
  2150 | D:6      | HP: 6/63 [gnoll/+1 halberd of protection[a gnoll bouda]
                  | (7)]
  2150 | D:6      | Slain by a gnoll

Vanquished Creatures
  A shadow (D:5)
  An ogre (D:3)
  A phantom (D:5)
  A scorpion (D:6)
  A killer bee (D:5)
  An orc priest (D:6)
  2 hounds (D:5)
  An iguana (D:5)
  4 orc wizards
  5 gnolls
  5 adders
  An ufetubus (D:5)
  A worm (D:2)
  3 dart slugs
  5 orcs
  3 ball pythons
  5 endoplasms
  A goblin (D:3)
  4 hobgoblins
  2 quokkas
  6 bats
  3 frilled lizards
  7 kobolds
  2 rats
66 creatures vanquished.

Vanquished Creatures (collateral kills)
  An endoplasm (D:3)
  A giant cockroach (D:2)
  A goblin (D:1)
3 creatures vanquished.

Grand Total: 69 creatures vanquished

Table legend:
 A = Non-vault XP
 B = Vault XP
 C = Vault XP percentage of total XP
 D = Non-vault monster count
 E = Vault monster count
 F = Vault count percentage of total count
                 A         B        C        D         E       F
            +---------+---------+-------+---------+---------+-------
      Total |     848 |     295 |  25.8 |      67 |       2 |   2.9
            +---------+---------+-------+---------+---------+-------
        D:1 |      11 |       0 |   0.0 |       7 |       0 |   0.0
        D:2 |     113 |       0 |   0.0 |      22 |       0 |   0.0
        D:3 |     169 |       0 |   0.0 |      17 |       0 |   0.0
        D:4 |      16 |       0 |   0.0 |       2 |       0 |   0.0
        D:5 |     333 |     295 |  47.0 |      14 |       2 |  12.5
        D:6 |     206 |       0 |   0.0 |       5 |       0 |   0.0
            +---------+---------+-------+---------+---------+-------

Illustrated notes

Table legend:
 A = Kills in this place as a percentage of kills in entire the game.
 B = Kills by you in this place as a percentage of kills by you in the entire game.
 C = Kills by friends in this place as a percentage of kills by friends in the entire game.
 D = Other kills in this place as a percentage of other kills in the entire game.
 E = Experience gained in this place as a percentage of experience gained in the entire game.
 F = Experience gained in this place divided by the number of levels of this place that you have seen.
                   A       B       C       D       E      F
               +-------+-------+-------+-------+-------+----------------------
         Total | 100.0 | 100.0 | 100.0 |   N/A | 100.0 | 190.5
       Dungeon | 100.0 | 100.0 | 100.0 |   N/A | 100.0 | 190.5
               +-------+-------+-------+-------+-------+----------------------

Table legend: (Time is in decaauts)
 A = Elapsed time spent in this place.
 B = Non-inter-level travel time spent in this place.
 C = Inter-level travel time spent in this place.
 D = Time resting spent in this place.
 E = Time spent auto-exploring this place.
 F = Levels seen in this place.
 G = Mean time per level.
                   A        B        C        D        E       F      G
               +--------+--------+--------+--------+--------+-----+--------+
         Total |   2152 |   2054 |     98 |      0 |   1624 |   6 |  358.7 |
       Dungeon |   2152 |   2054 |     98 |      0 |   1624 |   6 |  358.7 |
               +--------+--------+--------+--------+--------+-----+--------+

Top non-repeatable levels by time:
     D:5: 660 daAuts
     D:3: 633 daAuts
     D:2: 477 daAuts
     D:1: 213 daAuts
     D:4: 115 daAuts
     D:6: 53 daAuts
